AoeStats
← Cuchodark_79

Arabia

510472745Analyzed
1v1 RM · 10h ago on Oct 1, 2026· 74m 39s· 2 players
Game mode
Random Map
Map size
Tiny (2 player)
Population
200
Speed
Normal
Resources
Standard
Victory
Conquest
Starting age
Dark Age
Ending age
Imperial Age
RankedLock teamsTeams togetherTeam positionsShared explorationLock speedFull tech treeHidden civsTurbo modeCheats
Victory
Defeat
🇨🇳 Saxons · China
1058
+16
🇨🇱 Muisca · Chile
1051
-16
Cuchodark_79
6:12 Loom
9:05 Feudal Age
9:56 Double-Bit Axe
15:52 Fletching
21:06 Castle Age
19:17 Horse Collar
20:10 Stone Mining
20:46 Gold Mining
21:11 Padded Archer Armor
22:03 Town Watch
26:42 Bodkin Arrow
30:03 Ballistics
31:54 Wheelbarrow
38:18 Imperial Age
36:03 Heavy Plow
36:56 Bow Saw
37:13 Guard Tower
38:19 Thumb Ring
38:31 Leather Archer Armor
39:31 Gold Shaft Mining
40:40 Hand Cart
40:35 Bracer
42:19 Conscription
43:44 Hoardings
45:37 Elite Skirmisher
47:33 Capped Ram
50:46 Chemistry
51:23 Two-Man Saw
50:59 Town Patrol
53:25 Stone Shaft Mining
54:05 Crop Rotation
57:38 Elite Guecha Warrior
57:59 Crossbowman
60:19 Herbalism
62:37 Arbalester
62:43 Arbalester
SzetoPuki
6:37 Loom
9:03 Feudal Age
9:36 Double-Bit Axe
12:33 Fletching
19:47 Castle Age
18:03 Padded Archer Armor
17:59 Horse Collar
20:01 Gold Mining
20:36 Bodkin Arrow
20:03 Crossbowman
21:58 Wheelbarrow
21:44 Bow Saw
25:47 Ballistics
26:23 Town Watch
28:17 Heavy Plow
34:12 Leather Archer Armor
37:00 Imperial Age
35:16 Forging
35:12 Scale Barding Armor
35:09 Scale Mail Armor
35:37 Gambesons
35:52 Squires
36:34 Iron Casting
35:48 Arson
37:00 Gold Shaft Mining
36:15 Stone Mining
37:30 Chain Mail Armor
38:03 Bracer
38:39 Conscription
39:18 Ring Archer Armor
39:53 Chemistry
39:18 Capped Ram
41:14 Arbalester
41:59 Thumb Ring
42:53 Thumb Ring
44:11 Herbal Medicine
44:43 Siege Ram
47:15 Shield Wall
49:02 Hoardings
48:38 Guard Tower
50:11 Ring Archer Armor
50:12 Plate Mail Armor
50:33 Plate Mail Armor
51:43 Masonry
51:30 Murder Holes
51:41 Siege Engineers
52:16 Keep
54:04 Architecture
55:13 Siege Engineers
54:52 Treadmill Crane
57:01 Crop Rotation
57:19 Elite Varangian Guard
59:40 Two-Man Saw
58:56 Hand Cart
58:54 Stone Mining
73:24 Guilds
Connection lost

Rejoining the realm…

Still unreachable

The connection could not be restored.

Session expired

The server has moved on; the page needs a fresh start.